AoeStats
← Enzocasla10

Arabia

507135359Analyzed
1v1 RM · 16d ago on Sep 16, 2026· 30m 16s· 2 players
Game mode
Random Map
Map size
Tiny (2 player)
Population
200
Speed
Normal
Resources
Standard
Victory
Conquest
Starting age
Dark Age
Ending age
Imperial Age
RankedLock teamsTeams togetherTeam positionsShared explorationLock speedFull tech treeHidden civsTurbo modeCheats
Victory
Defeat
🇦🇷 Hindustanis · Argentina
1033
+15
🇫🇮 Mongols · Finland
1003
-15
ionn
8:35 Feudal Age
10:33 Loom
11:22 Double-Bit Axe
21:52 Castle Age
20:17 Scale Barding Armor
20:43 Forging
22:24 Bloodlines
23:03 Husbandry
24:49 Bow Saw
24:27 Horse Collar
28:51 Iron Casting
Enzocasla10
6:17 Loom
9:48 Feudal Age
10:26 Double-Bit Axe
18:36 Wheelbarrow
22:14 Castle Age
20:13 Gold Mining
20:38 Bloodlines
21:24 Scale Barding Armor
21:31 Forging
21:09 Horse Collar
22:59 Husbandry
23:34 Bow Saw
25:04 Iron Casting
26:55 Chain Barding Armor
Connection lost

Rejoining the realm…

Still unreachable

The connection could not be restored.

Session expired

The server has moved on; the page needs a fresh start.